 Dungeon Crawl Stone Soup version 0.28-a0-529-g3bad584f25 (webtiles) character file.

Game seed: 12698274302537926721

504 Drakonairon the Chopper (level 6, -4/46 HPs)
             Began as a Demonspawn Gladiator on Sept 22, 2021.
             Was a Follower of Dithmenos.
             Slain by an iguana (12 damage)
             ... on level 5 of the Dungeon on Sept 24, 2021.
             The game lasted 00:21:06 (4480 turns).

Drakonairon the Chopper (Demonspawn Gladiator)      Turns: 4480, Time: 00:21:09

Health: -4/46      AC:  5    Str: 16    XL:     6   Next: 96%
Magic:  6/6        EV: 12    Int: 10    God:    Dithmenos [*.....]
Gold:   135        SH:  0    Dex: 16    Spells: 5/5 levels left

rFire   . . .      SeeInvis +   d - +0 scythe
rCold   . . .      Faith    .   (shield currently unavailable)
rNeg    . . .      Spirit   .   r - +0 ring mail
rPois   .          Reflect  .   (helmet restricted)
rElec   .          Harm     .   (no cloak)
rCorr   .          Rampage  .   (no gloves)
Will    .....                   (no boots)
Stlth   +++.......              (no amulet)
HPRegen 0.15/turn               B - ring of see invisible
MPRegen 0.10/turn               (no ring)

@: wreathed by umbra
A: horns 1, thin skeletal structure 1, powered by pain 1
a: Renounce Religion


You were on level 5 of the Dungeon.
You worshipped Dithmenos.
Dithmenos was aware of your devotion.
You visited 1 branch of the dungeon, and saw 4 of its levels.

You collected 135 gold pieces.

Inventory:

Hand Weapons
 a - a +0 war axe
 d - a +0 scythe (weapon)
 e - a +0 short sword
 g - a +0 dagger
 h - a +0 dagger
 j - a +0 hunting sling
 m - a +0 short sword
 p - a +0 dagger
 q - a +0 flail
 u - a +0 whip
 v - a +0 spear
 w - a +0 club
Missiles
 f - 61 stones (quivered)
 i - 85 bolts
 l - 21 arrows
 y - 5 boomerangs
Armour
 b - a +0 leather armour
 c - a +0 helmet
 n - a +2 robe of willpower
 o - a +0 robe
 r - a +0 ring mail (worn)
 x - a +0 ring mail
 A - a +0 robe
Jewellery
 B - a ring of see invisible (left hand)
Wands
 k - a wand of flame (16)
Potions
 s - a potion of lignification {unknown}


   Skills:
 + Level 2.9 Fighting
 + Level 4.4(4.6) Axes
 + Level 2.2(3.6) Polearms
 + Level 2.0 Throwing
 + Level 2.6 Armour
 + Level 3.4 Dodging
 + Level 2.6 Stealth


You had 5 spell levels left.
You didn't know any spells.
Your spell library contained the following spells:

 Spells                   Type           Power      Damage    Failure   Level
 Hailstorm                Conj/Ice       0%         3d3       100%        4
 Ice Form                 Ice/Tmut       0%         N/A       100%        4
 Simulacrum               Ice/Necr       0%         N/A       100%        6


Dungeon Overview and Level Annotations

Branches:
Dungeon (5/15)
 Temple: D:4-7

Altars:
Dithmenos
Sif Muna
Wu Jian
Zin

Shops:
D:2 *


Innate Abilities, Weirdness & Mutations

You have a pair of small horns on your head.
You have a somewhat thin skeletal structure. (Dex +2, Stealth+)
You sometimes gain a little power by taking damage.


Message History

The orc is heavily wounded.
The orc hits you with a +0 dagger. The orc closely misses you. x3
The orc hits you with a +0 trident.
You closely miss the orc.
The orc is heavily wounded.
The orc misses you. The orc hits you but does no damage.
The orc barely misses you. The orc closely misses you.
The iguana barely misses you. The orc closely misses you. x2
You hit the orc.
The orc is severely wounded.
The orc completely misses you. The iguana closely misses you.
The orc closely misses you. x2; The orc misses you.
The iguana bites you. The orc hits you but does no damage.
The orc hits you with a +0 trident.
* * * LOW HITPOINT WARNING * * *
You barely miss the orc. Your headbutt misses the orc.
The orc is severely wounded.
The orc misses you. The iguana barely misses you. The orc closely misses you.
The orc hits you with a +0 trident!
* * * LOW HITPOINT WARNING * * *
The orc barely misses you.
The iguana bites you but does no damage.
You feel better. The orc closely misses you. The orc completely misses you.
The orc hits you but does no damage. The iguana barely misses you.
You slash the orc!
You kill the orc!
Dithmenos accepts your kill. The orc hits you but does no damage.
The orc hits you with a +0 hand axe.
The iguana bites you but does no damage.
The orc barely misses you. x2; The orc closely misses you.
You closely miss the orc. The iguana closely misses you.
The orc closely misses you. The orc hits you but does no damage.
The orc closely misses you. The iguana completely misses you.
The orc misses you. The orc barely misses you. The orc closely misses you.
You barely miss the orc. The iguana bites you.
* * * LOW HITPOINT WARNING * * *
The orc misses you. x2; The orc hits you with a +0 hand axe.
* * * LOW HITPOINT WARNING * * *
The iguana hisses menacingly.
The iguana bites you!
You die...

.......
..⌠(..
....(
#...#
##..(##
8..(8#
#oo.#
#@o(#
##.l.##
#8...8#
##...##
#...#
##.## #..#
♣♣♣♣♣♣♣♣♣
##.#
.....♣♣.♣♣
#.#


You could see an iguana and 3 orcs.

Vanquished Creatures
  Sigmund (D:2)
  2 scorpions (D:4)
  A hound (D:5)
  Terence (D:2)
  Natasha (thrice) (D:2)
  3 adders
  A white imp (D:5)
  A worm (D:2)
  2 dart slugs
  2 orcs
  2 bats
  4 endoplasms
  A giant cockroach (D:1)
  10 hobgoblins
  3 quokkas
  7 ball pythons
  3 frilled lizards
  6 goblins
  6 kobolds
  5 rats
64 creatures vanquished.

Notes
Turn   | Place    | Note
-------+----------+-------------------------------------------
     0 | D:1      | Drakonairon the Demonspawn Gladiator began the quest for
                  | the Orb.
     0 | D:1      | Reached XP level 1. HP: 16/16 MP: 1/1
   132 | D:1      | Reached skill level 3 in Axes
   132 | D:1      | Gained mutation: You have a somewhat thin skeletal
                  | structure. (Dex +2, Stealth+) [demonic ancestry]
   132 | D:1      | Reached XP level 2. HP: 22/22 MP: 2/2
   142 | D:1      | Upgraded the game from 0.28-a0-514-g0d7ab7f379 to
                  | 0.28-a0-529-g3bad584f25
   814 | D:1      | Found a faded altar of an unknown god.
   820 | D:1      | Became a worshipper of Dithmenos the Shadowed
   820 | D:1      | Reached * piety under Dithmenos
  1016 | D:2      | Found Mumalumm's Assorted Antiques.
  1038 | D:2      | Gained mutation: You sometimes gain a little power by
                  | taking damage. [demonic ancestry]
  1038 | D:2      | Reached XP level 3. HP: 26/27 MP: 3/3
  1232 | D:2      | Noticed Terence
  1247 | D:2      | Killed Terence
  1966 | D:2      | Noticed Sigmund
  1985 | D:2      | Killed Sigmund
  1986 | D:2      | Reached skill level 4 in Axes
  1986 | D:2      | Reached skill level 1 in Armour
  1986 | D:2      | Reached XP level 4. HP: 6/34 MP: 4/4
  1986 | D:2      | Gained mutation: You have a pair of small horns on your
                  | head. [demonic ancestry]
  1986 | D:2      | Reached XP level 5. HP: 6/39 MP: 5/5
  2246 | D:2      | Noticed Natasha
  2257 | D:2      | Killed Natasha
  2781 | D:2      | Reached XP level 6. HP: 46/46 MP: 6/6
  2794 | D:2      | Noticed Natasha
  2804 | D:2      | Killed Natasha
  2921 | D:2      | Noticed Natasha
  2933 | D:2      | Killed Natasha
  2934 | D:2      | Reached skill level 1 in Polearms
  3066 | D:2      | You fall into a shaft and drop 2 floors!
  3090 | D:4      | Reached ** piety under Dithmenos
  3598 | D:4      | Found an ornate altar of the Wu Jian Council.
  3633 | D:4      | Found a shimmering blue altar of Sif Muna.
  4285 | D:5      | Entered Level 5 of the Dungeon
  4480 | D:5      | Slain by an iguana

Illustrated notes

Levels and vault maps discovered:
D:1:      psy_arrival_fountain, layout_basic, ebering_ecumenical_altar_hall,
          hangedman_decor_opposing
D:2:      layout_basic, serial_shops, shop, uniq_sigmund, uniq_terence,
          uniq_natasha
D:4:      layout_basic, mainiacjoe_overflow_alcove_2, led_sif_pool,
          nzn_wu_jian_council_hall, minivault_14, dk_noncrumbling_3, minivault_4
D:5:      kb_forest_paths, layout_basic, minmay_temple_entry_from_below_a,
          serial_corexii_hall, chequers_hall_statues_y, corexii_hall_statues_x,
          moated_statue, uniq_menkaure

Skill      XL: |  1  2  3  4  5  6 |
---------------+-------------------+-----
Axes           | 3 4 |  4.4
Dodging        | 3 |  3.4
Armour         | 1 2 |  2.6
Stealth        | 2 |  2.6
Polearms       | 2 |  2.2
Throwing       | 2 |  2.0
Fighting       | |  2.9

Action                   |  1- 3 |  4- 6 || total
-------------------------+-------+-------++-------
Melee: War axe           |    95 |       ||    95
       Scythe            |       |    85 ||    85
       Headbutt          |       |    15 ||    15
 Fire: Hunting sling     |       |     3 ||     3
Throw: Throwing net      |     3 |       ||     3
       Stone             |       |    11 ||    11
Invok: Shadow Step       |       |     1 ||     1
  Use: Scroll            |     3 |     3 ||     6
       Potion            |     1 |     1 ||     2
 Stab: Sleeping          |     4 |     6 ||    10
       Held in net/web   |     3 |       ||     3
Armor: Leather armour    |    13 |       ||    13
       Ring mail         |     4 |    43 ||    47
Dodge: Dodged            |    56 |   117 ||   173

Table legend: (Time is in decaauts)
 A = Elapsed time spent in this place.
 B = Non-inter-level travel time spent in this place.
 C = Inter-level travel time spent in this place.
 D = Time resting spent in this place.
 E = Time spent auto-exploring this place.
 F = Levels seen in this place.
 G = Mean time per level.
                   A        B        C        D        E       F      G
               +--------+--------+--------+--------+--------+-----+--------+
         Total |   4588 |   4588 |      0 |   1953 |   1475 |   4 | 1147.0 |
       Dungeon |   4588 |   4588 |      0 |   1953 |   1475 |   4 | 1147.0 |
               +--------+--------+--------+--------+--------+-----+--------+

Top non-repeatable levels by time:
     D:2: 2105 daAuts
     D:4: 1247 daAuts
     D:1: 1031 daAuts
     D:5: 204 daAuts
